 Dungeon Crawl Stone Soup version 0.14-a0-1876-g927fc3a (webtiles) character file.

9333 Mitsuki the Cleaver (level 11, -2/87 HPs)
             Began as a Demonspawn Berserker on Jan 14, 2014.
             Was an Elder of Trog.
             Slain by a ten-headed hydra (5 damage)
             ... on Level 1 of the Lair of Beasts.
             The game lasted 00:53:36 (10390 turns).

Mitsuki the Cleaver (Demonspawn Berserker)         Turns: 10390, Time: 00:53:36

HP  -2/87        AC 21     Str 22      XL: 11   Next: 14%
MP  17/17        EV 10     Int  8      God: Trog [****..]
Gold 570         SH  0     Dex 10      Spells:  0 memorised, 10 levels left

rFire  + . .     SeeInvis .     A - +2,+3 orc hand axe (chop)
rCold  . . .     Clarity  .     f - +4 dwarf ring mail {MR+} (curse)
rNeg   . . .     Conserve .     (no shield)
rPois  .         rCorr    .     (no helmet)
rElec  .         rRot     .     u - +0 elf cloak (curse)
SustAb + .       Spirit   .     (no gloves)
rMut   .         Warding  .     e - +0 pair of boots
Saprov . . .     Stasis   .     (no amulet)
MR     +++..                    x - ring of protection from fire
                                v - ring of sustain abilities

@: regenerating, extremely resistant to hostile enchantments, very unstealthy
A: claws 2, rough black scales 2, powered by pain 2
a: Burn Spellbooks, Berserk, Trog's Hand, Brothers in Arms, Renounce Religion


You were on level 1 of the Lair of Beasts.
You worshipped Trog.
Trog was greatly pleased with you.
You were hungry.

You visited 2 branches of the dungeon, and saw 12 of its levels.

You collected 647 gold pieces.
You spent 77 gold pieces at shops.

Inventory:

Hand weapons
 A - a +2,+3 orcish hand axe of chopping (weapon)
Armour
 e - a +0 pair of boots (worn)
 f - a cursed +4 dwarven ring mail of magic resistance (worn)
 u - a cursed +0 elven cloak (worn)
Magical devices
 r - a wand of heal wounds (0)
Comestibles
 c - 11 bread rations
 l - a chunk of hound flesh
 o - 9 meat rations
Scrolls
 d - 10 scrolls of remove curse
 g - 4 scrolls of identify
 h - 4 scrolls of teleportation
 k - a scroll of curse jewellery {unknown}
 m - a scroll of enchant armour
 n - 4 scrolls of enchant weapon I
 p - 4 scrolls of fog
 s - a scroll of curse weapon {unknown}
 t - a scroll of random uselessness {unknown}
 y - a scroll of fear
 z - a scroll of enchant weapon II
Jewellery
 v - a ring of sustain abilities (left claw)
 x - a ring of protection from fire (right claw)
Potions
 a - 2 potions of flight
 i - 6 potions of curing
 j - a potion of heal wounds
 q - 2 potions of resistance
 w - 3 potions of restore abilities


   Skills:
 + Level 8.9 Fighting
 + Level 11.0 Axes
 + Level 8.7 Armour
 - Level 1.7 Dodging
   Level 3.2 Evocations


You had 10 spell levels left.
You didn't know any spells.

Dungeon Overview and Level Annotations

Branches:
Dungeon (11/16)            Temple (0/1) D:4             Orc (0/4) D:10
   Lair (1/8) D:8

Altars:
Ashenzari
Cheibriados
Elyvilon
Kikubaaqudgha
Makhleb
Nemelex Xobeh
Okawaru
Sif Muna
Trog
Vehumet

Shops:
D:6 *   D:7 ?   D:8 (!   D:9 !

Annotations:
D:11 Nessos


Innate Abilities, Weirdness & Mutations

You have very sharp fingernails.
You are mostly covered in rough black scales (AC +7, Dex -2).
You sometimes gain power by taking damage.


Message History

The ten-headed hydra bites you but does no damage.
The ten-headed hydra bites you.
* * * LOW HITPOINT WARNING * * *
The ten-headed hydra bites you but does no damage.
The ten-headed hydra bites you.
* * * LOW HITPOINT WARNING * * *
The ten-headed hydra completely misses you.
The ten-headed hydra bites you but does no damage.
You open the door.
The ten-headed hydra bites you but does no damage.
The ten-headed hydra closely misses you.
The ten-headed hydra bites you but does no damage.
The ten-headed hydra bites you!
* * * LOW HITPOINT WARNING * * *
The ten-headed hydra bites you but does no damage.
The ten-headed hydra bites you.
* * * LOW HITPOINT WARNING * * *
The ten-headed hydra bites you but does no damage.
The ten-headed hydra bites you.
You die...

....♣...####### ...
...... .##
f.+.##..###+...
...#..........##
#.......+#..#+....#
.>#P...#....#...#
##.#...##.#...##
#.....#.......##.##
.....#@D..#........#
.......'#.#.+.#.#.####
.........O...#.#.#
....+##.##.##+...#
...............## .
.#.#.##..####
...#.###.# #...###.#
#..# ##.#..#..#


You could see a ten-headed hydra and a friendly ogre (berserk).

Vanquished Creatures
  Harold (D:11)
  Joseph (D:7)
  A spiny frog (Lair:1)
  Psyche (D:10)
  A fire drake (D:8)
  A spriggan (D:7)
  4 red devils (D:10)
  A troll (D:10)
  The ghost of Azealia the Covert, an average SpAs (D:5)
  2 wyverns
  A shadow (D:11)
  4 hippogriffs
  Grum (D:8)
  2 wolves (D:8)
  Menkaure (D:7)
  A porcupine (Lair:1)
  6 ogres
  An ice beast (D:10)
  4 orc warriors
  3 phantoms
  4 centaurs
  6 giant frogs
  2 eyes of draining (D:10)
  A hippogriff zombie (D:5)
  A water moccasin (Lair:1)
  8 wights (D:7)
  2 jellies (D:10)
  6 crimson imps
  7 hounds
  2 worker ants
  A centaur zombie (D:5)
  2 orc priests
  A giant frog zombie (D:7)
  2 iguanas
  7 orc wizards
  3 scorpions
  An ogre skeleton (D:9)
  9 adders
  2 giant centipedes
  2 giant mites
  3 worms
  4 giant geckos
  An ooze (D:1)
  25 orcs
  13 bats
  16 hobgoblins
  18 jackals
  15 kobolds
  3 quokkas
  4 giant cockroaches
  5 giant newts
  6 goblins
  A hobgoblin skeleton (D:8)
  2 kobold skeletons
  A quokka skeleton (D:8)
  16 rats
240 creatures vanquished.

Vanquished Creatures (others)
  An ogre (Lair:1)
1 creature vanquished.

Grand Total: 241 creatures vanquished

Notes
Turn   | Place    | Note
--------------------------------------------------------------
     0 | D:1      | Mitsuki, the Demonspawn Berserker, began the quest for the Orb.
     0 | D:1      | Reached XP level 1. HP: 18/18 MP: 1/1
    99 | D:1      | Gained mutation: You have sharp fingernails. [demonic ancestry]
    99 | D:1      | Reached XP level 2. HP: 14/24 MP: 2/2
   996 | D:2      | Gained mutation: You sometimes gain a little power by taking damage. [demonic ancestry]
   996 | D:2      | Reached XP level 3. HP: 21/30 MP: 3/3
  1270 | D:2      | Acquired Trog's second power
  1287 | D:2      | Found a bloodstained altar of Trog.
  1391 | D:2      | Reached skill level 4 in Fighting
  1398 | D:2      | HP: 1/30 [jackal (3)]
  1698 | D:2      | Gained mutation: You are partially covered in rough black scales (AC +4, Dex -1). [demonic ancestry]
  1698 | D:2      | Reached XP level 4. HP: 34/37 MP: 4/4
  1823 | D:2      | Found a snail-covered altar of Cheibriados.
  2266 | D:3      | Found an iron altar of Okawaru.
  2494 | D:3      | Found a deep blue altar of Sif Muna.
  2794 | D:3      | Paralysed by a potion of paralysis for 3 turns
  2846 | D:4      | Found a staircase to the Ecumenical Temple.
  3443 | D:5      | Entered Level 5 of the Dungeon
  3491 | D:5      | Noticed a centaur
  3509 | D:5      | Killed a centaur
  3509 | D:5      | Reached XP level 5. HP: 16/43 MP: 5/5
  3706 | D:5      | Found a sparkling altar of Nemelex Xobeh.
  3755 | D:5      | Noticed a phantom
  3815 | D:5      | Killed a phantom
  3815 | D:5      | Reached XP level 6. HP: 17/41 MP: 6/6
  4104 | D:5      | Found a sparkling altar of Nemelex Xobeh.
  4130 | D:5      | Noticed a centaur
  4154 | D:5      | Killed a centaur
  4172 | D:5      | Noticed Azealia's ghost (average SpAs)
  4194 | D:5      | Killed Azealia's ghost
  4194 | D:5      | Reached skill level 5 in Axes
  4194 | D:5      | Gained mutation: You sometimes gain power by taking damage. [demonic ancestry]
  4194 | D:5      | Reached XP level 7. HP: 47/47 MP: 7/7
  4302 | D:5      | Reached skill level 5 in Armour
  4664 | D:6      | Reached skill level 5 in Fighting
  4727 | D:6      | Found Wazuv's General Store.
  4775 | D:6      | Found a bloodstained altar of Trog.
  4820 | D:6      | Found a shattered altar of Ashenzari.
  4833 | D:6      | Acquired Trog's third power
  4923 | D:6      | Gained mutation: You have very sharp fingernails. [demonic ancestry]
  4923 | D:6      | Reached XP level 8. HP: 43/62 MP: 8/8
  5047 | D:6      | Reached skill level 1 in Evocations
  5392 | D:7      | Reached skill level 6 in Axes
  5655 | D:7      | Reached skill level 7 in Axes
  5773 | D:7      | Reached XP level 9. HP: 51/69 MP: 12/12
  5887 | D:7      | Found Gaugg's Magic Scroll Emporium.
  5890 | D:7      | Bought a scroll of enchant weapon II for 77 gold pieces
  5894 | D:7      | Noticed Menkaure
  5907 | D:7      | Killed Menkaure
  5979 | D:7      | Found a burning altar of Makhleb.
  5980 | D:7      | Found a radiant altar of Vehumet.
  6070 | D:7      | Noticed Joseph
  6072 | D:7      | Noticed a spriggan baker
  6097 | D:7      | Killed Joseph
  6097 | D:7      | Reached skill level 8 in Axes
  6101 | D:7      | Killed a spriggan baker
  6359 | D:8      | Noticed a fire drake
  6377 | D:8      | Killed a fire drake
  6406 | D:8      | Found Weip's Distillery.
  6427 | D:8      | Found a staircase to the Lair.
  6535 | D:8      | Found Ghaviodi's Weapon Emporium.
  6790 | D:8      | Found a white marble altar of Elyvilon.
  6931 | D:8      | Noticed Grum
  6949 | D:8      | Killed Grum
  6949 | D:8      | Reached skill level 9 in Axes
  7291 | D:9      | Reached XP level 10. HP: 60/79 MP: 14/14
  7476 | D:9      | Found an ancient bone altar of Kikubaaqudgha.
  7782 | D:9      | Found Kacwalaq's Distillery.
  8066 | D:9      | Found a white marble altar of Elyvilon.
  8168 | D:10     | Entered Level 10 of the Dungeon
  8168 | D:10     | Found a staircase to the Orcish Mines.
  8707 | D:10     | HP: 2/80 [red devil/spear (7)]
  8712 | D:10     | HP: 3/80 [red devil/spear (6)]
  8751 | D:10     | Reached skill level 10 in Axes
  8934 | D:10     | Noticed Psyche
  8945 | D:10     | Killed Psyche
  9417 | D:11     | Noticed Nessos
  9505 | D:11     | Noticed Harold
  9537 | D:11     | Killed Harold
  9537 | D:11     | Gained mutation: You are mostly covered in rough black scales (AC +7, Dex -2). [demonic ancestry]
  9537 | D:11     | Reached XP level 11. HP: 61/87 MP: 17/17
 10125 | Lair:1   | Entered Level 1 of the Lair of Beasts
 10223 | Lair:1   | Reached skill level 11 in Axes
 10370 | Lair:1   | Noticed an eight-headed hydra
 10390 | Lair:1   | HP: 3/87 [ten-headed hydra (4)]
 10390 | Lair:1   | Slain by a ten-headed hydra

Action                   |  1- 3 |  4- 6 |  7- 9 | 10-12 || total
-------------------------+-------+-------+-------+-------++-------
Melee: Hand axe          |   158 |   270 |   343 |   400 ||  1171
Invok: Berserk           |     1 |     1 |     3 |     5 ||    10
       Burn Spellbooks   |       |       |     1 |       ||     1
       Trog's Hand       |       |       |     5 |     9 ||    14
       Brothers in Arms  |       |       |       |     2 ||     2
Evoke: Wand              |       |     3 |     9 |       ||    12
  Use: Potion            |     4 |     6 |     3 |     6 ||    19
       Scroll            |       |     3 |    13 |     2 ||    18
 Stab: Invisible         |       |     5 |       |     1 ||     6
